 Dungeon Crawl Stone Soup version 0.31-a0-232-gb1c03b2570 (webtiles) character file.

Game seed: 8890884937423206653

84 Ijustatesigmund the Stinger (level 4, -3/28 HPs)
             Began as an Octopode Venom Mage on July 7, 2023.
             Slain by an adder (4 damage)
             ... on level 3 of the Dungeon.
             The game lasted 00:02:26 (2397 turns).

Ijustatesigmund the Stinger (Octopode Venom Mage)   Turns: 2397, Time: 00:02:28

Health: -3/28      AC:  1    Str:  7    XL:     4   Next: 45%
Magic:  7/8        EV: 13    Int: 19    God:
Gold:   125        SH:  0    Dex: 12    Spells: 2/8 levels left

rFire   . . .        d - +0 short sword
rCold   . . .        (no shield)
rNeg    . . .        (helmet restricted)
rPois   .            (no amulet)
rElec   .            (no ring)
rCorr   .            (no ring)
SInv    .            (no ring)
Will    +....        (no ring)
Stlth   +++          (no ring)
HPRegen 0.24/turn    (no ring)
MPRegen 0.11/turn    (no ring)
                     (no ring)

%: no passive effects
@: lethally poisoned (-3 -> -19), enlightened, flying
A: almost no armour, amphibious, 8 rings, camouflage 1, gelatinous body 1,
(nimble swimmer 1), tentacles
a: no special abilities


You were on level 3 of the Dungeon.
You visited 1 branch of the dungeon, and saw 3 of its levels.

You collected 125 gold pieces.

Inventory:

Hand Weapons
 d - a +0 short sword (weapon)
Jewellery
 j - a +6 ring of intelligence
Scrolls
 f - a scroll of immolation {unknown}
 h - 2 scrolls of teleportation {unknown}
 i - a scroll of noise {unknown}
Potions
 a - a potion of magic
 b - a potion of might {unknown}
 c - a potion of curing {unknown}
 e - a potion of invisibility {unknown}
 g - a potion of enlightenment


   Skills:
 - Level 1.1 Fighting
 - Level 2.0 Dodging
 - Level 2.6 Stealth
 + Level 2.7 Spellcasting
 + Level 1.1 Conjurations
 - Level 1.0 Transmutations
 + Level 1.4 Air Magic
 + Level 4.4 Poison Magic


You had 2 spell levels left.
You knew the following spells:

 Your Spells              Type           Power      Damage    Failure   Level
a - Sting                 Tmut/Pois      52%        1d5       4%          1
b - Poisonous Vapours     Pois/Air       26%        N/A       7%          2
c - Mephitic Cloud        Conj/Pois/Air  11%        N/A       19%         3

Your spell library contained the following spells:

 Spells                   Type           Power      Damage    Failure   Level
 Olgreb's Toxic Radiance  Pois           19%        N/A       26%         4


Dungeon Overview and Level Annotations

Branches:
Dungeon (3/15)

Altars:
Makhleb


Innate Abilities, Weirdness & Mutations

You cannot wear most types of armour.
You are amphibious.
You can wear up to eight rings at the same time.
Your skin changes colour to match your surroundings (Stealth+).
Your rubbery body absorbs attacks. (AC +1, EV +1)
((You are camouflaged when in or above water. (Stealth+)))
You have tentacles for arms and can constrict up to eight enemies at once.


Message History

The adder is almost dead.
You feel sick. The adder bites you.
You are more poisoned.
The adder poisons you! The adder barely misses you.
You closely miss the adder. Your grab misses the adder.
You squeeze the adder, but do no damage.
The adder is almost dead.
You feel very sick.
The adder looks more healthy.
The adder bites you.
You are more poisoned.
The adder poisons you!
You hit the adder. Your grab misses the adder.
The adder is almost dead.
You feel very sick. The adder bites you.
You are lethally poisoned!
The adder poisons you!
You are too injured to fight recklessly!
You are too injured to fight recklessly!
You are too injured to fight recklessly!
You are too injured to fight recklessly!
You are too injured to fight recklessly!
You are too injured to fight recklessly!
You are too injured to fight recklessly!
You are too injured to fight recklessly!
You are too injured to fight recklessly!
You miss the adder. Your grab misses the adder.
The adder is almost dead.
You feel very sick. The adder bites you.
* * * LOW HITPOINT WARNING * * *
You are more poisoned.
The adder poisons you! The adder closely misses you.
It was a potion of enlightenment.
You feel very buoyant.
You fly up into the air.
* * * LOW HITPOINT WARNING * * *
You feel very sick. The adder bites you.
You die...

.. #. .. # #.
###. ##.#.# #..
.....###.#
..♣.♣.♣.♣.♣#♣.#
..............#
...♣.♣.♣.♣.♣#♣##
......S@.#.# ##.P
......#.##.#
.P.♣..
#######....###
...♣ ..#
..........###P.P♣


P.P ..........##..P.♣ ♣P. ..............♣♣♣ ♣P. .............#.♣.♣PP.
...........#..#.PP..# ...........##..##.### You could see an adder.

Vanquished Creatures
  3 adders (D:2)
  A worm (D:2)
  4 endoplasms
  4 giant cockroaches
  5 goblins
  6 hobgoblins
  2 jackals (D:1)
  7 kobolds
  3 quokkas (D:2)
  3 ball pythons (D:1)
  7 bats
  3 frilled lizards
  2 rats
50 creatures vanquished.

Notes
Turn   | Place    | Note
-------+----------+-------------------------------------------
     0 | D:1      | Ijustatesigmund the Octopode Venom Mage began the quest for
                  | the Orb.
     0 | D:1      | Reached XP level 1. HP: 11/11 MP: 3/3
   322 | D:1      | Reached XP level 2. HP: 18/18 MP: 5/5
   325 | D:1      | Learned a level 2 spell: Poisonous Vapours
   425 | D:1      | Reached skill level 4 in Poison Magic
   439 | D:1      | Reached skill level 1 in Fighting
   758 | D:1      | Reached XP level 3. HP: 23/23 MP: 6/6
   762 | D:1      | Learned a level 3 spell: Mephitic Cloud
   985 | D:1      | Found a faded altar of an unknown god.
  1381 | D:2      | Reached skill level 1 in Air Magic
  1584 | D:2      | Reached XP level 4. HP: 28/28 MP: 4/8
  1645 | D:2      | Reached skill level 1 in Conjurations
  1974 | D:2      | Found a burning altar of Makhleb.
  2397 | D:3      | HP: 1/28 [poisoned by an adder]
  2397 | D:3      | Slain by an adder

Illustrated notes

Levels and vault maps discovered:
D:1:      lemuel_arrival_behind_the_door_small, layout_loops_ring,
          dreamdust_ecumenical_altar_hidden_monk_grotto, minmay_tetromino_o2
D:2:      layout_loops_ring, basic_altar, chequers_serial_rivers_small_3,
          minmay_misc_feat_square
D:3:      layout_basic, serial_forest, infiniplex_forest_clump_medium,
          infiniplex_forest_straight_5, infiniplex_forest_fountain,
          infiniplex_forest_end_double, infiniplex_forest_lined_3,
          infiniplex_forest_3_way, infiniplex_forest_lined_1,
          infiniplex_forest_clump_small

Skill      XL: |  1  2  3  4 |
---------------+-------------+-----
Poison Magic   | 4 |  4.4
Fighting       | 1 |  1.1
Air Magic      | 1 |  1.4
Conjurations   | 1 |  1.1
Dodging        | |  2.0
Stealth        | |  2.6
Spellcasting   | |  2.7
Transmutations | |  1.0

Action                     |  1- 3 |  4- 6 || total
---------------------------+-------+-------++-------
  Melee: Unarmed           |    36 |       ||    36
         Constrict         |    22 |     5 ||    27
         Tentacles         |    24 |     8 ||    32
         Short sword       |    50 |    35 ||    85
         Punch             |       |     2 ||     2
   Cast: Sting             |     4 |       ||     4
         Poisonous Vapours |    13 |     8 ||    21
    Use: Potion            |       |     1 ||     1
   Stab: Sleeping          |     5 |     1 ||     6
 Armour: Skin              |    12 |     1 ||    13
  Dodge: Dodged            |    77 |    19 ||    96

Table legend: (Time is in decaauts)
 A = Elapsed time spent in this place.
 B = Non-inter-level travel time spent in this place.
 C = Inter-level travel time spent in this place.
 D = Time resting spent in this place.
 E = Time spent auto-exploring this place.
 F = Levels seen in this place.
 G = Mean time per level.
                   A        B        C        D        E       F      G
               +--------+--------+--------+--------+--------+-----+--------+
         Total |   2395 |   2341 |     54 |    405 |   1612 |   3 |  798.3 |
       Dungeon |   2395 |   2341 |     54 |    405 |   1612 |   3 |  798.3 |
               +--------+--------+--------+--------+--------+-----+--------+

Top non-repeatable levels by time:
     D:1: 1211 daAuts
     D:2: 1072 daAuts
     D:3: 111 daAuts
